SA
BELLEVUE BRUINS @ MT. VERNON BULLS
08/24/2030
 
TOP OF THE 1ST
Bellevue Bruins batting - Pitching for Mt. Vernon Bulls : RHP Wop Baars
Pitching: RHP Wop Baars
Batting: LHB Atro Jarvilehto 0-0: Fly out, F8 (Flyball, 8RM)
Batting: RHB Ryan Faulkner 0-0: Called Strike
0-1: Called Strike
0-2: Foul Ball, location: 2F
0-2: Strikes out swinging
Batting: SHB Júlio Morín Jr. 0-0: Called Strike
0-1: Swinging Strike
0-2: Ball
1-2: Strikes out swinging
Top of the 1st over - 0 runs, 0 hits, 0 errors, 0 left on base; Bellevue 0 - Mt. Vernon 0
BOTTOM OF THE 1ST
Mt. Vernon Bulls batting - Pitching for Bellevue Bruins : RHP Justin Flynn
Pitching: RHP Justin Flynn
Batting: SHB Toby Sutton 0-0: Ball
1-0: Foul Ball, location: 2F
1-1: Ball
2-1: Foul Ball, location: 2F
2-2: Ball
3-2: Reached on error, E4 (Groundball, 4M)
Batting: RHB Robby Arnold 0-0: Ball
1-0: Foul Ball, location: 2F
1-1: SINGLE (Groundball, 6MD)
Toby Sutton to second
Runner from 2nd tries for 3rd, SAFE, no throw
Batting: RHB Tyler Utterback 0-0: Called Strike
0-1: Ball
1-1: Foul Ball, location: 2F
1-2: Foul Ball, location: 2F
1-2: Grounds into double play, 6-4-3 (Groundball, 6M)
Toby Sutton scores
Batting: LHB Pablo Morales 0-0: Swinging Strike
0-1: Ball
1-1: Called Strike
1-2: Ball
2-2: Foul Ball, location: 2F
2-2: Fly out, F8 (Flyball, 8RM)
Bottom of the 1st over - 1 run, 1 hit, 1 error, 0 left on base; Bellevue 0 - Mt. Vernon 1
TOP OF THE 2ND
Bellevue Bruins batting - Pitching for Mt. Vernon Bulls : RHP Wop Baars
Batting: SHB Aurelio Jiménez 0-0: Swinging Strike
0-1: Foul Ball, location: 2F
0-2: Ball
1-2: Ball
2-2: Ball
3-2: Ground out 5-3 (Groundball, 6)
Batting: RHB Oki Hai 0-0: Called Strike
0-1: Foul Ball, location: 2F
0-2: Ball
1-2: Strikes out looking
Batting: SHB Jorge Ayala 0-0: Swinging Strike
0-1: Fly out, F3 (Popup, 34)
Top of the 2nd over - 0 runs, 0 hits, 0 errors, 0 left on base; Bellevue 0 - Mt. Vernon 1
BOTTOM OF THE 2ND
Mt. Vernon Bulls batting - Pitching for Bellevue Bruins : RHP Justin Flynn
Batting: RHB José Salinas 0-0: Swinging Strike
0-1: DOUBLE (Line Drive, 9LM)
Batting: SHB Rodolphe Nairn 0-0: SINGLE (Groundball, 5S) (infield hit)
José Salinas to third
Batting: LHB Rich Watkins 0-0: Foul Ball, location: 2F
0-1: Called Strike
0-2: Ball
1-2: Ball
2-2: Strikes out swinging
Batting: RHB Ramón Robles 0-0: Called Strike
0-1: Ball
1-1: Called Strike
Rodolphe Nairn steals 2nd base
1-2: Ball
2-2: Ball
3-2: Strikes out swinging
Batting: RHB Modesto González 0-0: Called Strike
0-1: Swinging Strike
0-2: Strikes out swinging
Bottom of the 2nd over - 0 runs, 2 hits, 0 errors, 2 left on base; Bellevue 0 - Mt. Vernon 1
TOP OF THE 3RD
Bellevue Bruins batting - Pitching for Mt. Vernon Bulls : RHP Wop Baars
Batting: RHB Dennis Shaw 0-0: Ball
1-0: Called Strike
1-1: Foul Ball, location: 2F
1-2: Fly out, F9 (Line Drive, 89D)
Batting: SHB Joel Field 0-0: Swinging Strike
0-1: Fly out, F3 (Popup, 34S)
Batting: RHB Melvin Daniels 0-0: Called Strike
0-1: Swinging Strike
0-2: Ball
1-2: Ball
2-2: Strikes out swinging
Top of the 3rd over - 0 runs, 0 hits, 0 errors, 0 left on base; Bellevue 0 - Mt. Vernon 1
BOTTOM OF THE 3RD
Mt. Vernon Bulls batting - Pitching for Bellevue Bruins : RHP Justin Flynn
Batting: SHB Toby Sutton 0-0: Called Strike
0-1: Ball
1-1: Called Strike
1-2: Foul Ball, location: 2F
1-2: Strikes out looking
Batting: RHB Robby Arnold 0-0: Foul Ball, location: 2F
0-1: SINGLE (Groundball, 4MD)
Batting: RHB Tyler Utterback 0-0: Ground out 4-3 (Groundball, 34)
Robby Arnold to second
Batting: LHB Pablo Morales 0-0: Ball
1-0: Foul Ball, location: 2F
1-1: Ground out 6-3 (Groundball, 6)
Bottom of the 3rd over - 0 runs, 1 hit, 0 errors, 1 left on base; Bellevue 0 - Mt. Vernon 1
TOP OF THE 4TH
Bellevue Bruins batting - Pitching for Mt. Vernon Bulls : RHP Wop Baars
Batting: LHB Atro Jarvilehto 0-0: Swinging Strike
0-1: Ball
1-1: Ball
2-1: Ball
3-1: Fly out, F9 (Flyball, 9LS)
Batting: RHB Ryan Faulkner 0-0: Called Strike
0-1: Foul Ball, location: 2F
0-2: Foul Ball, location: 2F
0-2: Ball
1-2: Fly out, F8 (Flyball, 8LS)
Batting: SHB Júlio Morín Jr. 0-0: Fly out, F7 (Flyball, 78M)
Top of the 4th over - 0 runs, 0 hits, 0 errors, 0 left on base; Bellevue 0 - Mt. Vernon 1
BOTTOM OF THE 4TH
Mt. Vernon Bulls batting - Pitching for Bellevue Bruins : RHP Justin Flynn
Batting: RHB José Salinas 0-0: Called Strike
0-1: Ground out 5-3 (Groundball, 56S)
Batting: SHB Rodolphe Nairn 0-0: Called Strike
0-1: Reached on error, E6 (Groundball, 6)
Batting: LHB Rich Watkins 0-0: Called Strike
0-1: Foul Ball, location: 2F
0-2: Ball
1-2: Fly out, F4 (Popup, 4M)
Batting: RHB Ramón Robles 0-0: Swinging Strike
0-1: Swinging Strike
0-2: Ball
1-2: Foul Ball, location: 2F
1-2: Strikes out swinging
Bottom of the 4th over - 0 runs, 0 hits, 1 error, 1 left on base; Bellevue 0 - Mt. Vernon 1
TOP OF THE 5TH
Bellevue Bruins batting - Pitching for Mt. Vernon Bulls : RHP Wop Baars
Batting: SHB Aurelio Jiménez 0-0: Ball
1-0: Foul Ball, location: 2F
1-1: Foul Ball, location: 2F
1-2: Ball
2-2: SINGLE (Line Drive, 4MD)
Batting: RHB Oki Hai 0-0: Ball
1-0: Called Strike
1-1: Ball
2-1: Foul Ball, location: 2F
2-2: DOUBLE (Line Drive, 7LM)
Aurelio Jiménez to third
Batting: SHB Jorge Ayala 0-0: Swinging Strike
0-1: Foul Ball, location: 2F
0-2: Strikes out looking
Batting: RHB Dennis Shaw 0-0: Ball
1-0: Reaches on Catchers interference
Batting: SHB Joel Field 0-0: SINGLE (Flyball, 7S)
Aurelio Jiménez scores
Oki Hai to third
Dennis Shaw to second
Runner from 3rd tries for Home, SAFE, throw made at trailing runner, OUT at third!
Batting: RHB Melvin Daniels 0-0: Foul Ball, location: 2F
0-1: Ball
1-1: Foul Ball, location: 2F
1-2: Ball
2-2: SINGLE (Groundball, 56D)
Joel Field to second
Batting: LHB Atro Jarvilehto 0-0: Foul Ball, location: 2F
0-1: Ball
1-1: Ball
2-1: Called Strike
2-2: Strikes out swinging
Top of the 5th over - 2 runs, 4 hits, 1 error, 2 left on base; Bellevue 2 - Mt. Vernon 1
BOTTOM OF THE 5TH
Mt. Vernon Bulls batting - Pitching for Bellevue Bruins : RHP Justin Flynn
Now in RF: Todd Albrecht
Batting: RHB Modesto González 0-0: Foul Ball, location: 2F
0-1: Ball
1-1: Foul Ball, location: 2F
1-2: Foul Ball, location: 2F
1-2: Strikes out looking
Batting: SHB Toby Sutton 0-0: Called Strike
0-1: Called Strike
0-2: Strikes out looking
Batting: RHB Robby Arnold 0-0: Ball
1-0: Fly out, F4 (Popup, 4)
Bottom of the 5th over - 0 runs, 0 hits, 0 errors, 0 left on base; Bellevue 2 - Mt. Vernon 1
TOP OF THE 6TH
Bellevue Bruins batting - Pitching for Mt. Vernon Bulls : RHP Wop Baars
Batting: RHB Ryan Faulkner 0-0: Called Strike
0-1: Ball
1-1: Ball
2-1: Reached on error, E9 (Flyball, 89M)
Batting: SHB Júlio Morín Jr. 0-0: Fly out, F8 (Flyball, 8LM)
Batting: SHB Aurelio Jiménez 0-0: Ball
1-0: Called Strike
1-1: Foul Ball, location: 2F
1-2: Fly out, F5 (Popup, 56)
Batting: RHB Oki Hai 0-0: Fly out, F7 (Flyball, 7LS)
Top of the 6th over - 0 runs, 0 hits, 1 error, 1 left on base; Bellevue 2 - Mt. Vernon 1
BOTTOM OF THE 6TH
Mt. Vernon Bulls batting - Pitching for Bellevue Bruins : RHP Justin Flynn
Batting: RHB Tyler Utterback 0-0: Called Strike
0-1: Ball
1-1: Ball
2-1: Foul Ball, location: 2F
2-2: Ball
3-2: Base on Balls
Batting: LHB Pablo Morales 0-0: Ball
1-0: Ball
2-0: Swinging Strike
2-1: Ball
3-1: Foul Ball, location: 2F
3-2: Ground out 6-3 (Groundball, 6)
Tyler Utterback to second
Batting: RHB José Salinas 0-0: Ball
1-0: Called Strike
1-1: Swinging Strike
1-2: Ball
2-2: Ball
3-2: Foul Ball, location: 2F
3-2: Base on Balls
Batting: SHB Rodolphe Nairn 0-0: Called Strike
0-1: Ball
1-1: Grounds into double play, 4-6-3 (Groundball, 4)
Bottom of the 6th over - 0 runs, 0 hits, 0 errors, 1 left on base; Bellevue 2 - Mt. Vernon 1
TOP OF THE 7TH
Bellevue Bruins batting - Pitching for Mt. Vernon Bulls : RHP Wop Baars
Batting: SHB Jorge Ayala 0-0: Swinging Strike
0-1: SINGLE (Groundball, 4MD)
Batting: RHB Todd Albrecht 0-0: Called Strike
0-1: Sac Bunt - play at first, batter OUT! 1-4
Jorge Ayala to second
Batting: SHB Joel Field 0-0: 2-RUN HOME RUN (Flyball, 9LD), Distance : 358 ft
Batting: RHB Melvin Daniels 0-0: Foul Ball, location: 2F
0-1: Foul Ball, location: 2F
0-2: Ball
1-2: Ball
2-2: Ground out 5-3 (Groundball, 56)
Batting: LHB Atro Jarvilehto 0-0: Ball
1-0: Ball
2-0: Called Strike
2-1: Ground out 4-3 (Groundball, 4MS)
Top of the 7th over - 2 runs, 2 hits, 0 errors, 0 left on base; Bellevue 4 - Mt. Vernon 1
BOTTOM OF THE 7TH
Mt. Vernon Bulls batting - Pitching for Bellevue Bruins : RHP Justin Flynn
Batting: LHB Rich Watkins 0-0: Called Strike
0-1: Ball
1-1: Ground out 4-3 (Groundball, 4S)
Batting: RHB Ramón Robles 0-0: Foul Ball, location: 2F
0-1: Fly out, F9 (Flyball, 9LM)
Batting: RHB Modesto González 0-0: Called Strike
0-1: Ball
1-1: Swinging Strike
1-2: Foul Ball, location: 2F
1-2: Strikes out swinging
Bottom of the 7th over - 0 runs, 0 hits, 0 errors, 0 left on base; Bellevue 4 - Mt. Vernon 1
TOP OF THE 8TH
Bellevue Bruins batting - Pitching for Mt. Vernon Bulls : RHP Wop Baars
Batting: RHB Ryan Faulkner 0-0: Swinging Strike
0-1: Swinging Strike
0-2: Ball
1-2: Strikes out swinging
Batting: SHB Júlio Morín Jr. 0-0: Ball
1-0: Ground out 6-3 (Groundball, 6M)
Batting: SHB Aurelio Jiménez 0-0: Called Strike
0-1: Fly out, F9 (Flyball, 89M)
Top of the 8th over - 0 runs, 0 hits, 0 errors, 0 left on base; Bellevue 4 - Mt. Vernon 1
BOTTOM OF THE 8TH
Mt. Vernon Bulls batting - Pitching for Bellevue Bruins : RHP Justin Flynn
Batting: SHB Toby Sutton 0-0: Ball
1-0: Swinging Strike
1-1: Called Strike
1-2: Ball
2-2: Strikes out swinging, 2-3 out at first.
Batting: RHB Robby Arnold 0-0: Called Strike
0-1: Ball
1-1: Swinging Strike
1-2: Foul Ball, location: 2F
1-2: Ball
2-2: SINGLE (Line Drive, 8LS)
Pitching: RHP Brendan Haataja
Batting: RHB Tyler Utterback 0-0: Ball
1-0: Called Strike
1-1: Ball
2-1: Called Strike
2-2: Ball
3-2: Base on Balls
Robby Arnold to second
Batting: LHB Pablo Morales 0-0: SINGLE (Line Drive, 8LS)
Robby Arnold to third
Tyler Utterback to second
Runner from 3rd tries for Home, SAFE, throw made home
Pinch Hitting: SHB Tom Chagolla 0-0: Swinging Strike
0-1: Swinging Strike
0-2: Strikes out swinging
Batting: SHB Rodolphe Nairn 0-0: Foul Ball, location: 2F
0-1: Ball
1-1: Ball
2-1: Ball
3-1: Base on Balls
Tyler Utterback to third
Pablo Morales to second
Batting: LHB Rich Watkins 0-0: Called Strike
0-1: Swinging Strike
0-2: Ball
1-2: Ball
2-2: Strikes out looking
Bottom of the 8th over - 1 run, 2 hits, 0 errors, 3 left on base; Bellevue 4 - Mt. Vernon 2
TOP OF THE 9TH
Bellevue Bruins batting - Pitching for Mt. Vernon Bulls : RHP Wop Baars
Now at 2B: Tom Chagolla
Batting: RHB Oki Hai 0-0: Fly out, F3 (Popup, 3SF)
Batting: SHB Jorge Ayala 0-0: Called Strike
0-1: Foul Ball, location: 2F
0-2: Foul Ball, location: 2F
0-2: Strikes out looking
Batting: RHB Todd Albrecht 0-0: Foul Ball, location: 2F
0-1: Ground out 5-3 (Groundball, 56S)
Top of the 9th over - 0 runs, 0 hits, 0 errors, 0 left on base; Bellevue 4 - Mt. Vernon 2
BOTTOM OF THE 9TH
Mt. Vernon Bulls batting - Pitching for Bellevue Bruins : RHP Brendan Haataja
Pitching: LHP Paco Salazar
Batting: RHB Ramón Robles 0-0: Foul Ball, location: 2F
0-1: Ball
1-1: Called Strike
1-2: Ball
2-2: Foul Ball, location: 2F
2-2: Ball
3-2: Strikes out looking
Batting: RHB Modesto González 0-0: Foul Ball, location: 2F
0-1: Ground out 5-3 (Groundball, 56S)
Batting: SHB Toby Sutton 0-0: Ground out 1-3 (Groundball, 13)
Bottom of the 9th over - 0 runs, 0 hits, 0 errors, 0 left on base; Bellevue 4 - Mt. Vernon 2
Sunday, March 18th, 2018 - OOTP Baseball 18.8 Build 76